 Dungeon Crawl Stone Soup version 0.31-a0-876-gfe8ebadbca (webtiles) character file.

Game seed: 17679565932569650812

84 Descartes the Shield-Bearer (level 4, -6/37 HPs)
             Began as a Formicid Fighter on Oct 13, 2023.
             Mangled by a black bear (10 damage)
             ... on level 2 of the Dungeon on Oct 14, 2023.
             The game lasted 00:03:42 (1426 turns).

Descartes the Shield-Bearer (Formicid Fighter)      Turns: 1426, Time: 00:03:43

Health: -6/37      AC: 10    Str: 22    XL:     4   Next: 74%
Magic:  4/4        EV:  8    Int:  8    God:
Gold:   72         SH:  5    Dex: 13    Spells: 3/3 levels left

rFire   . . .        a - +0 war axe
rCold   . . .        c - +0 buckler
rNeg    . . .        f - +0 chain mail
rPois   .            (helmet unavailable)
rElec   .            (no cloak)
rCorr   .            l - +0 pair of gloves
SInv    +            (no boots)
Will    .....        h - amulet of the acrobat Stlth
                     (no ring)
HPRegen 0.26/turn    (no ring)
MPRegen 0.09/turn

%: acrobat
@: no status effects
A: permanent stasis, dig shafts and tunnels, antennae 3, four strong arms
a: Dig, Shaft Self


You were on level 2 of the Dungeon.
You visited 1 branch of the dungeon, and saw 2 of its levels.

You collected 72 gold pieces.

Inventory:

Hand Weapons
 a - a +0 war axe (weapon)
Missiles
 g - 5 poisoned darts
Armour
 c - a +0 buckler (worn)
 f - a +0 chain mail (worn)
 l - a +0 pair of gloves (worn)
Jewellery
 h - an amulet of the acrobat (around neck)
Scrolls
 d - a scroll of amnesia {unknown}
 e - a scroll of vulnerability {unknown}
 i - 2 scrolls of identify {unknown}
 j - a scroll of enchant weapon {unknown}
Potions
 b - a potion of curing
 k - 2 potions of haste {unknown}
 m - a potion of magic {unknown}


   Skills:
 + Level 4.0 Fighting
 + Level 2.8 Axes
 + Level 4.0 Armour
 + Level 4.8 Shields


You had 3 spell levels left.
You didn't know any spells.
Your spell library was empty.

Dungeon Overview and Level Annotations

Branches:
Dungeon (2/15)

Altars:

Shops:
D:1 [*


Innate Abilities, Weirdness & Mutations

You cannot be hasted, slowed, berserked, paralysed or teleported.
You can dig through walls and to a lower floor.
You have a pair of large antennae on your head. (SInv)
Your four strong arms can wield two-handed weapons with a shield.


Message History

The black bear claws you but does no damage. x2
The black bear bites you. You block the black bear's attack.
The black bear splashes around in the water.
You barely miss the black bear.
The black bear is heavily wounded.
The black bear bites you but does no damage.
The black bear splashes around in the water.
The black bear claws you but does no damage.
You hit the black bear but do no damage.
The black bear is heavily wounded.
You block the black bear's attack. The black bear claws you.
The black bear splashes around in the water.
You slash the black bear!
The black bear is almost dead.
The black bear goes berserk!
The black bear splashes around in the water.
The black bear barely misses you.
The black bear claws you but does no damage.
You hit the black bear but do no damage.
The black bear is almost dead.
The black bear bites you but does no damage.
The black bear misses you.
The black bear claws you but does no damage.
The black bear bites you!
The black bear claws you but does no damage. x2
You barely miss the black bear.
The black bear is almost dead.
The black bear splashes around in the water.
The black bear claws you. The black bear misses you. The black bear bites you.
* * * LOW HITPOINT WARNING * * *
The black bear splashes around in the water. x2
Unknown command.
You hit the black bear.
The black bear is almost dead.
The black bear bites you.
* * * LOW HITPOINT WARNING * * *
The black bear closely misses you.
The black bear claws you but does no damage.
The black bear bites you!
You die...

#.#............###♣~
..+.♣P♣♣♣~.........~ .
####PP~P♣P~~....###..
.. #♣~~~~P~P~♣♣♣###P.
.. ##♣~~~≈≈≈≈~~PP♣♣.#.
#.##~~~P~~≈≈~~~~~P~♣##
##..PP~~~~~~P~≈~P~~~~~#
#...~~~.~~♣~~~~PPPP~P##
#....h@......~~~~~~♣.##
#.................#....
##~~~~~...........#.##.
#♣~♣~~~~~~~~~.........
##♣♣~~~P~~~~~~###.#.#
#P~~P~♣~~~P........
##♣♣♣♣♣♣♣♣#####.#.# #.#
#.... #[#####.#.#


You could see a black bear (berserk).

Vanquished Creatures
  Natasha (D:2)
  An adder (D:2)
  A gnoll (D:2)
  A worm (D:2)
  2 dart slugs (D:2)
  An endoplasm (D:1)
  5 giant cockroaches
  8 hobgoblins
  2 kobolds
  A ball python (D:1)
  2 bats
  2 frilled lizards (D:1)
  A goblin (D:1)
  7 rats
35 creatures vanquished.

Notes
Turn   | Place    | Note
-------+----------+-------------------------------------------
     0 | D:1      | Descartes the Formicid Fighter began the quest for the Orb.
     0 | D:1      | Reached XP level 1. HP: 18/18 MP: 1/1
    89 | D:1      | Found Covoeple's General Store.
   201 | D:1      | Reached XP level 2. HP: 19/24 MP: 2/2
   602 | D:1      | Reached XP level 3. HP: 29/29 MP: 3/3
   725 | D:1      | Found Xowkoehi's Armour Shoppe.
  1216 | D:2      | Noticed Natasha
  1224 | D:2      | Killed Natasha
  1225 | D:2      | Reached XP level 4. HP: 18/37 MP: 4/4
  1415 | D:2      | Noticed a black bear
  1426 | D:2      | Mangled by a black bear

Illustrated notes

Levels and vault maps discovered:
D:1:      dpeg_arrival_water_fire, layout_basic, serial_shops, shop, shop
D:2:      layout_basic, serial_bayou, serial_bayou_pond_c,
          serial_bayou_crossing, serial_bayou_pond_a, serial_bayou_lagoon_b,
          serial_bayou_ford_a, serial_bayou_shore_a, st_stairs_8, nrook_uturn,
          uniq_natasha

Skill      XL: |  1  2  3  4 |
---------------+-------------+-----
Fighting       | 4 |  4.0
Armour         | 4 |  4.0
Axes           | |  2.8
Shields        | |  4.8

Action                     |  1- 3 |  4- 6 || total
---------------------------+-------+-------++-------
  Melee: War axe           |    95 |    24 ||   119
    Use: Potion            |     2 |       ||     2
 Armour: Chain mail        |    74 |    31 ||   105
  Dodge: Dodged            |    44 |    20 ||    64
  Block: Buckler           |    26 |    11 ||    37

Table legend: (Time is in decaauts)
 A = Elapsed time spent in this place.
 B = Non-inter-level travel time spent in this place.
 C = Inter-level travel time spent in this place.
 D = Time resting spent in this place.
 E = Time spent auto-exploring this place.
 F = Levels seen in this place.
 G = Mean time per level.
                   A        B        C        D        E       F      G
               +--------+--------+--------+--------+--------+-----+--------+
         Total |   1480 |   1372 |    108 |      0 |   1047 |   2 |  740.0 |
       Dungeon |   1480 |   1372 |    108 |      0 |   1047 |   2 |  740.0 |
               +--------+--------+--------+--------+--------+-----+--------+

Top non-repeatable levels by time:
     D:1: 1078 daAuts
     D:2: 402 daAuts
